 Dungeon Crawl Stone Soup version 0.26-b1-32-g5d43845318 (webtiles) character file.

Game seed: 10966321393527382221

506 Borgoz the Skirmisher (level 7, 0/60 HPs)
             Began as a Ghoul Gladiator on Jan 13, 2021.
             Slain by an adder (1 damage)
             ... on level 4 of the Dungeon.
             The game lasted 00:04:43 (3848 turns).

Borgoz the Skirmisher (Ghoul Gladiator)             Turns: 3848, Time: 00:04:43

Health: 0/60       AC:  7    Str: 19    XL:     7   Next: 18%
Magic:  6/6        EV: 13    Int:  3    God:
Gold:   93         SH:  0    Dex: 11    Spells: 6/6 levels left

rFire    . . .     SeeInvis .   a - +0 flail
rCold    + . .     Faith    .   (no shield)
rNeg     + + +     Spirit   .   b - +0 leather armour
rPois    ∞         Reflect  .   c - +1 helmet
rElec    .         Harm     .   l - +0 cloak
rCorr    .         Rampage  .   (no gloves)
Will     .....                  q - +0 pair of boots
Stlth    +.........             (no amulet)
HPRegen  0.00/turn              (no ring)
MPRegen  0.10/turn              (no ring)

@: no status effects
A: claws 1, cold resistance 1, negative energy resistance 3, inhibited
regeneration, torment resistance, unbreathing
a: no special abilities


You were on level 4 of the Dungeon.
You visited 1 branch of the dungeon, and saw 4 of its levels.

You collected 93 gold pieces.

Inventory:

Hand Weapons
 a - a +0 flail (weapon)
 n - a +0 dagger
Missiles
 d - a throwing net (quivered)
Armour
 b - a +0 leather armour (worn)
 c - a +1 helmet (worn)
 l - a +0 cloak (worn)
 q - a +0 pair of boots (worn)
Scrolls
 e - a scroll of remove curse
 k - a scroll of enchant armour
Potions
 f - a potion of brilliance
 g - a potion of ambrosia
 h - a potion of resistance {unknown}
 i - a potion of flight
 j - a potion of haste
 m - a potion of attraction {unknown}
 o - a potion of heal wounds {unknown}
 p - a potion of invisibility


   Skills:
 + Level 4.4 Fighting
 + Level 4.2 Maces & Flails
 - Level 1.7 Throwing
 + Level 3.0 Armour
 + Level 4.3 Dodging


You had 6 spell levels left.
You didn't know any spells.
Your spell library was empty.

Dungeon Overview and Level Annotations

Branches:
Dungeon (4/15)
 Temple: D:4-7

Altars:
Dithmenos
Okawaru
Wu Jian
Xom
Yredelemnul


Innate Abilities, Weirdness & Mutations

You thrive by killing the living.
You are immune to poison.
You have sharp fingernails.
Your flesh is cold resistant. (rC+)
You are immune to negative energy. (rN+++)
You do not regenerate when monsters are visible.
You are immune to unholy pain and torment.
You can survive without breathing.


Message History

The adder barely misses you. The ogre barely misses you.
The ogre struggles against the net.
The adder closely misses you.
You enter the shallow water.
Moving in this stuff is going to be slow.
The ogre struggles against the net.
The net rips apart, and the ogre comes free!
The worm bites you!
* * * LOW HITPOINT WARNING * * *
The ogre closely misses you.
Your unstable footing causes you to fumble your attack.
The adder bites you.
* * * LOW HITPOINT WARNING * * *
The worm closely misses you. The ogre completely misses you.
The adder bites you.
* * * LOW HITPOINT WARNING * * *
The adder bites you.
* * * LOW HITPOINT WARNING * * *
The adder closely misses you. The adder bites you.
You die...

>...≈≈.≈≈≈≈.≈........#
.....≈.≈.≈≈♣........#
.≈..≈...≈≈≈....†...##
##≈≈...≈........)....# #.
#...♣..≈≈.≈..##.......
#..#..##≈..≈≈.#..........
##.....≈O≈≈..≈##########..
.....?..wSO≈.≈### #.#
........≈≈@♣.≈.≈#########.#
.........##....#..........#
.........#####.#.#######.##
.........# ##...#######..#
.........# #........≈≈≈≈.#
.........# #...........≈.#
.....#### #........≈≈≈≈##
##############


You could see 2 ogres, a worm and an adder.

Vanquished Creatures
  Sigmund (D:4)
  A big kobold (D:3)
  A scorpion (D:4)
  An orc priest (D:3)
  7 gnolls
  3 adders (D:2)
  2 worms
  2 dart slugs (D:1)
  2 leopard geckos
  13 orcs
  3 giant cockroaches
  8 goblins
  11 hobgoblins
  10 jackals
  13 kobolds
  3 quokkas
  7 bats
  3 frilled lizards
  7 rats
98 creatures vanquished.

Notes
Turn   | Place    | Note
-------+----------+-------------------------------------------
     0 | D:1      | Borgoz the Ghoul Gladiator began the quest for the Orb.
     0 | D:1      | Reached XP level 1. HP: 17/17 MP: 0/0
   111 | D:1      | Reached XP level 2. HP: 25/25 MP: 1/1
   364 | D:1      | Reached XP level 3. HP: 29/30 MP: 2/2
   445 | D:1      | Reached skill level 1 in Armour
   787 | D:2      | Found an ornate altar of the Wu Jian Council.
   838 | D:2      | Reached XP level 4. HP: 28/38 MP: 3/3
  1022 | D:2      | Found a basalt altar of Yredelemnul.
  1024 | D:2      | Found a shimmering altar of Xom.
  1656 | D:2      | Found an iron altar of Okawaru.
  1811 | D:3      | Noticed a big kobold
  1832 | D:3      | Killed a big kobold
  1833 | D:3      | Reached XP level 5. HP: 18/45 MP: 4/4
  2544 | D:3      | Reached XP level 6. HP: 32/52 MP: 5/5
  2844 | D:3      | Found a shadowy altar of Dithmenos.
  3620 | D:4      | Noticed Sigmund
  3630 | D:4      | Killed Sigmund
  3631 | D:4      | Reached XP level 7. HP: 40/60 MP: 6/6
  3846 | D:4      | HP: 2/60 [adder (2)]
  3848 | D:4      | Slain by an adder

Illustrated notes

Levels and vault maps discovered:
D:1:      roderic_dead_forest, layout_basic
D:2:      layout_basic, nzn_wu_jian_contemplation,
          nicolae_overflow_hidden_temple, kennysheep_doodads,
          minmay_tromino_mix6
D:3:      cheibrodos_thug_alley, layout_basic, nicolae_dithmenos_shadow_blocks,
          st_stairs_6
D:4:      layout_rooms, serial_rivers, chequers_serial_rivers_marsh,
          chequers_serial_rivers_micro_e, chequers_serial_rivers_micro_d,
          chequers_serial_rivers_large_a, chequers_serial_rivers_micro_b,
          uniq_sigmund

Skill      XL: |  1  2  3  4  5  6 |
---------------+-------------------+-----
Dodging        | 3 4 |  4.3
Maces & Flails | 3 4 |  4.2
Armour         | 1 2 3 |  3.0
Fighting       | 3 4 |  4.4
Throwing       | |  1.7

Action                   |  1- 3 |  4- 6 |  7- 9 || total
-------------------------+-------+-------+-------++-------
Melee: Flail             |    95 |   249 |     6 ||   350
Throw: Throwing net      |       |     7 |     1 ||     8
  Use: Scroll            |     6 |     7 |       ||    13
 Stab: Held in net/web   |       |     1 |       ||     1
Armor: Leather armour    |    41 |   108 |     4 ||   153
Dodge: Dodged            |    81 |   187 |    11 ||   279
